[Event "Team 45 45 League T53"]
[Site "Internet Chess Club"]
[Date "2012.06.12"]
[Round "4"]
[White "Aquaman"]
[Black "Goldenberg"]
[Result "0-1"]
[WhiteElo "1287"]
[BlackElo "1508"]
[Opening "Réti: King's Indian attack"]
[ECO "A05"]
[Time "15:00:12"]
[TimeControl "2700+45"]

1. Nf3 Nf6 2. g3 g6 3. Bg2 Bg7 4. O-O e6 5. d3 d5 6. Nbd2 O-O 7. Re1 c5 8. e4
Nc6 9. c3 Re8 10. e5 Nd7 11. d4 cxd4 12. cxd4 f6 13. exf6 Nxf6 14. Nb3 b6 15.
Bg5 Qc7 16. Bf4 Qf7 17. Qc1 Bb7 18. Bh6 Rac8 19. Qg5 Ne4 20. Qe3 Nb4 21. Rec1
Nc2 22. Rxc2 Rxc2 23. Rf1 Ba6 24. Rc1 Re2 25. Qf4 Qxf4 26. Bxf4 Rxf2 27. Ng5 Re2
28. Bf1 Rxb2 29. Bxa6 Rxa2 30. Bf1 Nxg5 31. Bxg5 Rb2 32. Na1 Bxd4+ 33. Kh1 Rf2
34. Bh3 e5 35. Nb3 Re2 36. Bg2 Be3 37. Bxd5+ Kf8 38. Rc7 Bxg5 39. Rf7+ Kg8 40.
Rf2+ Kg7 41. Rxe2 Rd8 42. Rxe5 Bf6 43. Nd4 Rd6 44. Ne6+ Kh6 45. Re2 Rxd5 46. Kg2
Re5 47. Rxe5 Bxe5 48. Kf3 a5 49. Nd8 a4 50. Nc6 a3 51. Nb4 Kg5 52. h4+ Kf5 53.
g4+ Kf6 54. Ke4 Bb2 55. g5+ Ke6 56. Kd3 Kf5 57. Kc2 Kg4 58. Nd5 Bd4 59. Kb3 Kxh4
60. Kxa3 Kxg5 61. Kb3 h5 62. Kc4 Bc5 63. Nc3 h4 64. Ne4+ Kg4 65. Nf6+ Kf5 66.
Nd5 h3 67. Nc3 h2 68. Ne2 Kg4 {White resigns} 0-1

[Event "Team 45 45 League T53"]
[Site "Internet Chess Club"]
[Date "2012.06.08"]
[Round "4"]
[White "zhou2004"]
[Black "johnnyw"]
[Result "1-0"]
[WhiteElo "1075"]
[BlackElo "1084"]
[Opening "QGD: 3...Nf6"]
[ECO "D35"]
[Time "14:00:12"]
[TimeControl "2700+45"]

1. d4 d5 2. c4 e6 3. Nc3 Nf6 4. a3 Be7 5. Nf3 O-O 6. e3 b6 7. Bd3 Nbd7 8. Bc2
Bb7 9. cxd5 exd5 10. Qd3 c5 11. b4 c4 12. Qe2 Re8 13. e4 Bf8 14. O-O dxe4 15.
Ng5 Rc8 16. Ngxe4 Bd6 17. Bg5 a6 18. Bb1 Be7 19. Bxf6 Bxf6 20. Re1 Bxd4 21. Qc2
f5 22. Nf6+ Qxf6 23. Rxe8+ Rxe8 24. Ba2 Bxc3 25. Bxc4+ Kh8 26. Rd1 Qe7 27. Qxc3
Nf6 28. Qd3 b5 29. Bb3 Bc6 30. Kf1 Ng4 31. Qxf5 Nxh2+ 32. Kg1 Qe2 33. Kxh2 g6
34. Qf6# {Black checkmated} 1-0

[Event "Team 45 45 League T53"]
[Site "Internet Chess Club"]
[Date "2012.06.09"]
[Round "4"]
[White "Cicero"]
[Black "sockmonkey"]
[Result "0-1"]
[WhiteElo "1314"]
[BlackElo "1413"]
[Opening "Caro-Kann: Tartakower (fantasy) variation"]
[ECO "B12"]
[Time "12:00:40"]
[TimeControl "2700+45"]

1. e4 c6 2. d4 d5 3. f3 dxe4 4. fxe4 e5 5. Nf3 Bg4 6. Bc4 Nf6 7. Bxf7+ Kxf7 8.
Nxe5+ Ke8 9. Nxg4 Nxg4 10. Qxg4 Qxd4 11. c3 Qd7 12. Qh5+ g6 13. Qe5+ Qe7 14.
Qxh8 Qxe4+ 15. Kd2 Qxg2+ 16. Kd3 Qxh1 17. Qe5+ Be7 18. Bg5 Qd5+ 19. Qxd5 cxd5
20. Bxe7 Kxe7 21. Kd4 Kd6 22. Na3 Nc6+ 23. Ke3 Re8+ 24. Kf4 Re4+ 25. Kg3 a6 26.
Rd1 b5 27. b3 Re3+ 28. Kg4 Rxc3 29. h4 Ne5+ 30. Kg5 Nf3+ 31. Kh6 Rc7 32. Nc2
Rxc2 33. Kxh7 Nxh4 34. a4 bxa4 35. bxa4 Kc5 36. Rh1 Rc4 37. Kh6 Rxa4 38. Rg1 d4
39. Rg4 Nf3 40. Rxg6 d3 41. Re6 d2 42. Rxa6 Rxa6+ 43. Kh5 d1=Q 44. Kg4 Qd5 45.
Kg3 Ra4 46. Kh3 Ng5+ 47. Kg3 Qb3+ 48. Kf2 Ra2+ 49. Ke1 Qb1# {White checkmated}
0-1

[Event "Team 45 45 League T53"]
[Site "Internet Chess Club"]
[Date "2012.06.10"]
[Round "4"]
[White "Check101"]
[Black "arconia"]
[Result "1-0"]
[WhiteElo "1475"]
[BlackElo "1297"]
[Opening "Sicilian: Alapin's variation (2.c3)"]
[ECO "B22"]
[Time "10:04:24"]
[TimeControl "2700+45"]

1. e4 c5 2. c3 e6 3. d4 b6 4. Nf3 Bb7 5. Bd3 Nc6 6. O-O Nf6 7. Bg5 Be7 8. Re1
O-O 9. d5 exd5 10. exd5 Nxd5 11. Bxh7+ Kxh7 12. Qxd5 Na5 13. Qf5+ g6 14. Qh3+
Kg8 15. Bxe7 Qc7 16. Bxf8 Rxf8 17. Ng5 {Black resigns} 1-0

[Event "Team 45 45 League T53"]
[Site "Internet Chess Club"]
[Date "2012.06.09"]
[Round "4"]
[White "lawth3"]
[Black "artspir"]
[Result "1-0"]
[WhiteElo "1266"]
[BlackElo "1184"]
[Opening "QGD Slav: exchange variation"]
[ECO "D13"]
[Time "18:58:51"]
[TimeControl "2700+45"]

1. d4 c6 2. c4 d5 3. cxd5 cxd5 4. Nf3 Nf6 5. Nc3 e6 6. g3 Nc6 7. Bg2 Bb4 8. O-O
O-O 9. Bg5 a6 10. Ne5 Be7 11. Rc1 Qb6 12. Nxc6 bxc6 13. Na4 Qa5 14. a3 Bd7 15.
b4 Qb5 16. Nc5 Rfd8 17. Nxd7 Rxd7 18. Qc2 Rc7 19. Qa2 a5 20. Rb1 axb4 21. Bxf6
gxf6 22. Qd2 Rxa3 23. e4 Rca7 24. Rfc1 Ra2 25. Qd1 f5 26. exf5 exf5 27. Bh3 Bg5
28. Rc5 Qb7 29. Bxf5 Rd2 30. Qg4 Qe7 31. Rxc6 f6 32. Qh5 h6 33. Qg6+ Kf8 34.
Rc8+ {Black resigns} 1-0

[Event "Team 45 45 League T53"]
[Site "Internet Chess Club"]
[Date "2012.06.09"]
[Round "4"]
[White "RobertBuice"]
[Black "Macovitski"]
[Result "0-1"]
[WhiteElo "1024"]
[BlackElo "1087"]
[Opening "Queen's gambit accepted"]
[ECO "D20"]
[Time "15:00:43"]
[TimeControl "2700+45"]

1. d4 d5 2. c4 dxc4 3. Nc3 a6 4. e4 b5 5. Nf3 Bb7 6. g3 Nf6 7. Qc2 e6 8. Bg2 c5
9. Be3 cxd4 10. Nxd4 Nc6 11. Rd1 Nxd4 12. Bxd4 b4 13. Be5 Qa5 14. Bxf6 gxf6 15.
O-O bxc3 16. bxc3 Rd8 17. Rd4 Rxd4 18. cxd4 c3 19. Rb1 Bb4 20. h4 Ke7 21. Re1
Qb6 22. d5 e5 23. Qb3 Bc5 24. Qc4 Bxf2+ 25. Kf1 Bxe1 26. Kxe1 Rc8 27. d6+ Qxd6
28. Qb3 c2 29. Qxb7+ Kd8 30. Bh3 c1=Q+ 31. Ke2 Qdd2+ 32. Kf3 Qcd1# {White
checkmated} 0-1

[Event "Team 45 45 League T53"]
[Site "Internet Chess Club"]
[Date "2012.06.11"]
[Round "4"]
[White "guyd52"]
[Black "GideonL"]
[Result "1-0"]
[WhiteElo "1301"]
[BlackElo "1261"]
[Opening "Réti opening"]
[ECO "A05"]
[Time "19:30:12"]
[TimeControl "2700+45"]

1. Nf3 Nf6 2. g3 e6 3. Bg2 Bc5 4. e3 Nc6 5. O-O d5 6. d4 Bb6 7. b3 O-O 8. Na3
Bd7 9. c4 dxc4 10. Nxc4 Qe7 11. Ba3 Qe8 12. Bxf8 Kxf8 13. Qc1 Na5 14. Nxb6 cxb6
{Black resigns} 1-0

[Event "Team 45 45 League T53"]
[Site "Internet Chess Club"]
[Date "2012.06.09"]
[Round "4"]
[White "KrazyLegz"]
[Black "Just-Jim"]
[Result "0-1"]
[WhiteElo "1211"]
[BlackElo "1341"]
[Opening "Philidor's defense"]
[ECO "C41"]
[Time "12:17:20"]
[TimeControl "2700+45"]

1. e4 e5 2. Nf3 d6 3. Nc3 Nf6 4. d4 exd4 5. Nxd4 a6 6. Bg5 h6 7. Bxf6 Qxf6 8.
Nd5 Qd8 9. Nf5 Bxf5 10. exf5 Be7 11. Bd3 c6 12. Nxe7 Qxe7+ 13. Be2 O-O 14. Qd3
Nd7 15. O-O-O Rad8 16. Rd2 Nc5 17. Qd4 Ne4 18. Rd3 Qg5+ 19. Qe3 Nxf2 20. Qxg5
Nxd3+ 21. Bxd3 hxg5 22. g4 Rfe8 23. b4 Re3 24. Kd2 Rde8 25. c4 R3e5 26. a4 c5
27. b5 axb5 28. cxb5 Rd5 29. Kc3 Rd4 30. Ra1 Re3 31. Rd1 b6 32. a5 bxa5 33. b6
Rb4 34. Ra1 Rxb6 35. Rxa5 Rb4 36. Ra8+ Kh7 37. Rf8 f6 38. Rd8 Rd4 39. Rc8 Rexd3+
40. Kc2 Rh3 41. Re8 Rxh2+ 42. Kc3 Rh3+ 43. Kc2 Rxg4 {White resigns} 0-1

[Event "Team 45 45 League T53"]
[Site "Internet Chess Club"]
[Date "2012.06.09"]
[Round "4"]
[White "WilmaP"]
[Black "tamky70"]
[Result "0-1"]
[WhiteElo "1088"]
[BlackElo "1434"]
[Opening "Queen's pawn game"]
[ECO "D00"]
[Time "09:30:39"]
[TimeControl "2700+45"]

1. d4 d5 2. e3 e6 3. Nf3 c6 4. Bd3 Nf6 5. Ne5 Nbd7 6. f4 Nxe5 7. dxe5 Ne4 8. O-O
Be7 9. b3 Bd7 10. c4 Qb6 11. Qg4 g6 12. Nd2 Qxe3+ 13. Kh1 Nf2+ 14. Rxf2 Qxf2 15.
Nf3 O-O-O 16. Ng5 Qe1+ {White resigns} 0-1

[Event "Team 45 45 League T53"]
[Site "Internet Chess Club"]
[Date "2012.06.09"]
[Round "4"]
[White "theartist"]
[Black "wekabird"]
[Result "1-0"]
[WhiteElo "1210"]
[BlackElo "1170"]
[Opening "QGD semi-Slav: 5.e3"]
[ECO "D45"]
[Time "19:17:02"]
[TimeControl "2700+45"]

1. d4 d5 2. c4 e6 3. Nf3 c6 4. Nc3 Nf6 5. e3 Be7 6. Bd3 O-O 7. O-O b6 8. e4 dxc4
9. Bxc4 Ba6 10. Bxa6 Nxa6 11. a3 Qc7 12. Bg5 Rad8 13. Qe2 Ne8 14. Bxe7 Qxe7 15.
Qxa6 Nd6 16. Qe2 b5 17. Rac1 Rc8 18. Rc2 Rc7 19. Rfc1 Rfc8 20. d5 Nc4 21. dxe6
Qxe6 22. Qd2 g6 23. Qe2 Ne5 24. Nxe5 Qxe5 25. Qe3 Kg7 26. f4 Qd6 27. Rd1 Qe7 28.
Rcd2 f5 29. e5 a6 30. Rd6 c5 31. Rxa6 Rd7 32. Rad6 Rxd6 33. Rxd6 Rd8 34. Nxb5
Rxd6 35. Nxd6 Qc7 36. Qc3 Qc6 37. b4 Qe4 38. Nxe4 fxe4 39. Qxc5 Kh6 40. e6 Kg7
41. Qe5+ {Black resigns} 1-0

[Event "Team 45 45 League T53"]
[Site "Internet Chess Club"]
[Date "2012.06.10"]
[Round "4"]
[White "jantonio"]
[Black "JWB"]
[Result "1-0"]
[WhiteElo "1599"]
[BlackElo "1658"]
[Opening "Réti: King's Indian attack (Barcza system)"]
[ECO "A07"]
[Time "15:00:29"]
[TimeControl "2700+45"]

1. Nf3 d5 2. g3 c6 3. Bg2 Nf6 4. O-O e6 5. d3 Nbd7 6. b3 Bd6 7. Bb2 Qc7 8. Nbd2
O-O 9. c4 Re8 10. a3 e5 11. b4 d4 12. c5 Bf8 13. Ng5 Nd5 14. Qb3 N7f6 15. Nde4
h6 16. Nxf6+ Nxf6 17. Ne4 Nd5 18. Nd2 Be6 19. Nc4 Nf6 20. Qc2 Bd5 21. e4 dxe3
22. Bxd5 exf2+ 23. Rxf2 Nxd5 24. Raf1 f6 25. Qe2 Rad8 26. Qh5 Qb8 27. Qf5 Qc8
28. Qg6 Be7 29. Bc1 Kh8 30. Rf5 Nc3 31. Bxh6 gxh6 32. Qxh6+ Kg8 33. Qg6+ Kf8 34.
Rxf6+ Bxf6 35. Rxf6+ {Black resigns} 1-0

[Event "Team 45 45 League T53"]
[Site "Internet Chess Club"]
[Date "2012.06.10"]
[Round "4"]
[White "Frankly"]
[Black "gandre"]
[Result "1-0"]
[WhiteElo "1776"]
[BlackElo "1803"]
[Opening "QGD: Cambridge Springs defense, Rubinstein variation"]
[ECO "D52"]
[Time "10:00:34"]
[TimeControl "2700+45"]

1. d4 d5 2. c4 e6 3. Nc3 Nf6 4. Bg5 Nbd7 5. e3 c6 6. Nf3 Qa5 7. Nd2 dxc4 8. Bxf6
Nxf6 9. Bxc4 Be7 10. O-O O-O 11. Rc1 e5 12. Nb3 Qc7 13. Qf3 Bg4 14. Qg3 a6 15.
dxe5 {Black resigns} 1-0

[Event "Team 45 45 League T53"]
[Site "Internet Chess Club"]
[Date "2012.06.10"]
[Round "4"]
[White "BenjaminSisko"]
[Black "eagle"]
[Result "0-1"]
[WhiteElo "1464"]
[BlackElo "1489"]
[Opening "French: classical, Steinitz variation"]
[ECO "C14"]
[Time "21:24:37"]
[TimeControl "2700+45"]

1. e4 e6 2. d4 d5 3. Nc3 Nf6 4. Bg5 Be7 5. e5 Nfd7 6. Bxe7 Qxe7 7. f4 a6 8. Nf3
c5 9. dxc5 Qxc5 10. Qd2 Nc6 11. O-O-O O-O 12. Bd3 b5 13. Kb1 Bb7 14. Ne2 Qf2 15.
Rdf1 Qc5 16. Rd1 h6 17. g4 Nb4 18. c3 Nxd3 19. Qxd3 Rfc8 20. g5 Qc4 21. gxh6
Qxd3+ 22. Rxd3 d4 23. Nexd4 Be4 24. Rd1 Nc5 25. Ne1 gxh6 26. Ka1 Bxd3 27. Nxd3
Nxd3 28. Rxd3 Kh7 29. Rg3 Rg8 30. Ne2 Rad8 31. Kb1 Rd2 32. Re3 Rg2 {White
resigns} 0-1

[Event "Team 45 45 League T53"]
[Site "Internet Chess Club"]
[Date "2012.06.09"]
[Round "4"]
[White "vaknight"]
[Black "Insan996"]
[Result "1-0"]
[WhiteElo "1703"]
[BlackElo "1589"]
[Opening "Bird's opening"]
[ECO "A02"]
[Time "19:33:57"]
[TimeControl "2700+45"]

1. f4 c5 2. b3 Nc6 3. Bb2 d5 4. e3 Bf5 5. Nf3 Nf6 6. Be2 e6 7. O-O Be7 8. Na3
O-O 9. c4 d4 10. exd4 cxd4 11. d3 Bd6 12. Nc2 Ng4 13. h3 Nf6 14. Nh4 Re8 15. Kh1
Bc5 16. Qe1 Bg6 17. g4 Qd7 18. Qf2 h6 19. Nxg6 fxg6 20. g5 Nh7 21. gxh6 gxh6 22.
Qg2 Qg7 23. Rg1 Kf7 24. Bf3 Rac8 25. a3 a5 26. Be4 Rg8 27. Bxc6 bxc6 28. b4 Bb6
29. c5 Bc7 30. Nxd4 Qf8 31. Qe4 Qe8 32. Nxc6 Bxf4 33. Ne5+ Bxe5 34. Qxe5 Qc6+
35. Rg2 axb4 36. axb4 Ra8 37. Rf1+ Ke7 38. Kh2 Ra4 39. b5 Qxb5 40. Qd6+ Ke8 41.
Qxe6+ Kd8 42. Qxg8+ Qe8 43. Qxe8+ Kxe8 44. Re2+ Kd8 45. Rf7 Ng5 46. Bf6+ {Black
resigns} 1-0

[Event "Team 45 45 League T53"]
[Site "Internet Chess Club"]
[Date "2012.06.07"]
[Round "4"]
[White "fireball"]
[Black "nursey"]
[Result "1-0"]
[WhiteElo "1713"]
[BlackElo "1633"]
[Opening "KGA: Abbazia defense, modern variation"]
[ECO "C36"]
[Time "18:05:02"]
[TimeControl "2700+45"]

1. e4 e5 2. f4 exf4 3. Nf3 d5 4. exd5 Nf6 5. d4 Nxd5 6. Bc4 Ne3 7. Qe2 Qe7 8.
Bxe3 fxe3 9. Ne5 Qh4+ 10. g3 Qxd4 11. Bxf7+ Kd8 12. Nc4 Bg4 13. Qxe3 Qd1+ 14.
Kf2 Qxc2+ 15. Nbd2 Qf5+ 16. Nf3 Qxf7 17. Qg5+ Be7 18. Qxg4 Bc5+ 19. Kg2 Re8 20.
Rad1+ Bd6 21. Nxd6 cxd6 22. Rxd6+ Nd7 23. Ng5 Qe7 24. Ne6+ Kc8 25. Qc4+ Nc5 26.
Qxc5+ Kb8 27. Rhd1 Rc8 28. Rd8 Qxe6 29. Rxc8+ Qxc8 30. Qd6+ Qc7 31. Qf8+ Qc8 32.
Rd8 b6 33. Rxc8+ Kb7 34. Rxa8 Kc6 35. Qf3+ Kd6 36. Rxa7 {Black resigns} 1-0

[Event "Team 45 45 League T53"]
[Site "Internet Chess Club"]
[Date "2012.06.08"]
[Round "4"]
[White "Kristian1974"]
[Black "nidusin2"]
[Result "0-1"]
[WhiteElo "1691"]
[BlackElo "1617"]
[Opening "Sicilian: closed"]
[ECO "B23"]
[Time "07:00:33"]
[TimeControl "2700+45"]

1. e4 c5 2. Nc3 d6 3. f4 Nf6 4. Bc4 e6 5. Nf3 a6 6. e5 dxe5 7. fxe5 Nd5 8. Ne4
b5 9. Be2 Bb7 10. d3 Be7 11. O-O h6 12. b3 Qc7 13. c4 Nb4 14. Be3 Nd7 15. a3 Nc6
16. d4 cxd4 17. Nxd4 Nxd4 18. Qxd4 Qxe5 19. Qxe5 Nxe5 20. Nc5 Bc6 21. cxb5 axb5
22. Bd4 Bf6 23. Bh5 O-O 24. Kh1 Nd7 25. Nxd7 Bxd4 26. Nxf8 Bxa1 27. Bxf7+ Kxf8
28. Bg6+ Bf6 29. Rc1 Bd5 30. Rc7 Rxa3 31. Rc8+ Ke7 32. Rc7+ Kd6 33. Rc1 Ra1 34.
Rxa1 Bxa1 35. Bc2 e5 36. Kg1 e4 37. Kf2 Ke5 38. g3 Bd4+ 39. Ke2 b4 40. g4 Kf4
41. Kf1 e3 42. Bd1 Bf3 43. Be2 Bxe2+ 44. Kxe2 Kxg4 {White resigns} 0-1

[Event "Team 45 45 League T53"]
[Site "Internet Chess Club"]
[Date "2012.06.10"]
[Round "4"]
[White "monkeyshark"]
[Black "Cicero"]
[Result "0-1"]
[WhiteElo "1473"]
[BlackElo "1338"]
[Opening "Pirc: classical (two knights) system"]
[ECO "B08"]
[Time "17:00:14"]
[TimeControl "2700+45"]

1. e4 d6 2. d4 Nf6 3. Nc3 g6 4. Nf3 Bg7 5. Bc4 O-O 6. Bg5 Nc6 7. Qd2 Na5 8. Bb3
Nxb3 9. axb3 Re8 10. h4 Ng4 11. h5 h6 12. Bf4 g5 13. Bg3 b6 14. Nh2 e5 15. d5 f5
16. Nxg4 f4 17. Nxh6+ Bxh6 18. Bh2 g4 19. O-O-O Kh7 20. f3 gxf3 21. gxf3 Qh4 22.
Qe2 Bg4 23. fxg4 f3+ 24. Qd2 Bxd2+ 25. Rxd2 f2 26. Rdd1 Rf8 27. Rdf1 Rf3 28. Kd1
Qxg4 29. Ne2 Raf8 30. Kc1 Re3 31. Nc3 Qh4 32. Nd1 Re1 33. Bxe5 Qg5+ 34. Kb1 Rxf1
35. Rxf1 Qxe5 36. Nxf2 Qg3 {White resigns} 0-1

[Event "Team 45 45 League T53"]
[Site "Internet Chess Club"]
[Date "2012.06.07"]
[Round "4"]
[White "Nathan-L"]
[Black "SugarIslander"]
[Result "1/2-1/2"]
[WhiteElo "1698"]
[BlackElo "1620"]
[Opening "QGD Slav defense"]
[ECO "D10"]
[Time "15:00:54"]
[TimeControl "2700+45"]

1. d4 d5 2. c4 c6 3. Nc3 dxc4 4. e3 b5 5. a4 b4 6. Ne4 Qd5 7. Nd2 c3 8. bxc3
bxc3 9. Nb1 c2 10. Qxc2 Bf5 11. Qc4 e6 12. Nc3 Qxc4 13. Bxc4 Nf6 14. Ba3 Bxa3
15. Rxa3 a5 16. Nf3 Nbd7 17. O-O Nb6 18. Be2 Bc2 19. Rc1 Bf5 20. Ne5 Rc8 21. Nd1
Nbd5 22. Rxc6 Ke7 23. Rb3 Nb4 24. Rcc3 Nfd5 25. Rxc8 Rxc8 26. Bc4 Bc2 27. Bxd5
exd5 28. Rc3 Rxc3 29. Nxc3 f6 30. Nf3 Ke6 31. Kf1 Nd3 32. Ne1 Nxe1 33. Kxe1 Kd6
34. Kd2 Bb3 35. f3 f5 36. e4 fxe4 37. fxe4 dxe4 38. Nxe4+ Kd5 39. Nc5 Bc4 40.
Kc3 Be2 41. g3 h5 42. Nd3 g5 43. Nf2 Bf3 44. Kd3 g4 45. h4 gxh3 46. Nxh3 Bd1 47.
Nf4+ Kd6 48. Kc4 Bxa4 49. Nxh5 Bd1 50. Nf6 Be2+ 51. Kc3 Ke6 52. Ne4 Kd5 53. Nc5
Bd1 54. Nd3 a4 55. Nb2 Bb3 56. g4 Ke6 57. Nc4 Kf6 58. d5 Bd1 59. Ne3 Bf3 60. Kb4
Ke5 61. Kxa4 Bxg4 62. Nxg4+ Kxd5 {Game drawn because neither player has mating
material} 1/2-1/2

[Event "Team 45 45 League T53"]
[Site "Internet Chess Club"]
[Date "2012.06.08"]
[Round "4"]
[White "mongmong"]
[Black "nanning"]
[Result "1-0"]
[WhiteElo "1670"]
[BlackElo "1632"]
[Opening "QGD Slav: 4.e3 Bf5"]
[ECO "D12"]
[Time "15:02:10"]
[TimeControl "2700+45"]

1. d4 d5 2. Nf3 Nf6 3. e3 c6 4. c4 Bf5 5. Nc3 e6 6. Nh4 Bg4 7. Be2 Bxe2 8. Qxe2
Be7 9. Nf3 Nbd7 10. b3 Qa5 11. Bd2 Bb4 12. Na4 Ne5 13. dxe5 Ne4 14. Bxb4 Qxb4+
15. Nd2 b5 16. f3 Qxd2+ 17. Qxd2 Nxd2 18. Kxd2 bxa4 19. cxd5 cxd5 20. bxa4 Rb8
21. Rab1 Kd7 22. Rb3 a5 23. Rhb1 Rxb3 24. axb3 Rb8 25. Kc3 Rc8+ 26. Kd4 Rb8 27.
Kc3 Rc8+ 28. Kb2 Rb8 29. Rc1 Rb4 30. Rc5 Rh4 31. h3 d4 32. Rc4 f5 33. exf6 gxf6
34. Rxd4+ Rxd4 35. exd4 Kc6 36. Kc3 {Black resigns} 1-0

[Event "Team 45 45 League T53"]
[Site "Internet Chess Club"]
[Date "2012.06.11"]
[Round "4"]
[White "smsxman"]
[Black "KyleMayhugh"]
[Result "0-1"]
[WhiteElo "1455"]
[BlackElo "1577"]
[Opening "Queen's pawn game, Darooha variation "]
[ECO "D02"]
[Time "10:05:25"]
[TimeControl "2700+45"]

1. d4 d5 2. Nf3 Nf6 3. Nc3 Bg4 4. Bg5 h6 5. Bh4 Nc6 6. Ne5 Nxe5 7. dxe5 d4 8.
Nb5 Nd5 9. Qxd4 c6 10. Nxa7 Qa5+ 11. c3 Bd7 12. Nxc6 Bxc6 13. b4 Qa3 14. b5 Ra4
15. c4 Nb4 16. Qd2 Be4 17. Rc1 Qxa2 18. f3 Qxd2+ 19. Kxd2 Bh7 20. g4 e6 21. Bg2
Be7 22. Bf2 O-O 23. f4 Rd8+ 24. Ke1 Nc2+ 25. Kf1 Rxc4 26. Bxb7 Rxf4 27. Kg2
Rxg4+ 28. Kf3 Rb4 29. Bc6 Bg5 30. e3 Rb3 31. Rhd1 Rxd1 32. Rxd1 Bg6 33. Ke2 Bh5+
34. Bf3 Bxf3+ 35. Kxf3 Rxb5 36. h4 Bxe3 37. Bxe3 Nxe3 38. Kxe3 Rxe5+ 39. Kf3 Kh7
40. Kf4 Rf5+ 41. Kg4 h5+ 42. Kg3 Kh6 43. Rd7 g5 44. hxg5+ Kxg5 45. Kh3 h4 46.
Rd8 Rf3+ 47. Kh2 Kf5 48. Rd7 f6 49. Rh7 Rf4 50. Rg7 Ke4 51. Kh3 e5 52. Rg6 f5
53. Rg5 Ke3 54. Rg2 e4 55. Ra2 Kf3 56. Ra1 e3 57. Rf1+ Ke4 58. Re1 Kd3 59. Kg2
Re4 60. Kf3 Re7 61. Kf4 Kd2 62. Rh1 e2 63. Kxf5 e1=Q 64. Rxe1 Rxe1 65. Kg4 Re4+
66. Kh3 Kd3 67. Kh2 Re8 68. Kh3 Rh8 69. Kh2 Ke4 70. Kh3 Kf5 71. Kh2 Kg4 72. Kh1
Kh3 73. Kg1 Ra8 74. Kf2 Kh2 75. Kf3 h3 76. Kf2 Rf8+ 77. Ke2 Kg2 78. Ke1 h2
{White resigns} 0-1

[Event "Team 45 45 League T53"]
[Site "Internet Chess Club"]
[Date "2012.06.11"]
[Round "4"]
[White "kidcobra"]
[Black "Dracoac"]
[Result "1-0"]
[WhiteElo "1706"]
[BlackElo "1788"]
[Opening "Caro-Kann: advance variation"]
[ECO "B12"]
[Time "16:51:45"]
[TimeControl "2700+45"]

1. e4 c6 2. d4 d5 3. e5 Bf5 4. Bd3 Bg6 5. Bxg6 hxg6 6. e6 fxe6 7. Qg4 Qb6 8. Nf3
Nd7 9. Qxg6+ Kd8 10. Ng5 Ngf6 11. Nf7+ Kc8 12. Nxh8 Qb4+ 13. c3 Qb5 14. Qc2 e5
15. Qe2 Qxe2+ 16. Kxe2 exd4 17. cxd4 e5 18. dxe5 Nxe5 19. Bf4 Nc4 20. b3 Nb6 21.
Nf7 Kd7 22. Nd2 Re8+ 23. Kf1 Bb4 24. Nf3 Re4 25. Bd2 Bc5 26. Re1 Rxe1+ 27. Bxe1
Ne4 28. N7g5 Nf6 29. Ne5+ Ke7 30. Ng6+ Kd6 31. f3 Be3 32. Nf7+ Ke6 33. Nd8+ Kd7
34. Nxb7 d4 35. Bf2 Nbd5 36. Nc5+ Kd6 37. Ne4+ Nxe4 38. fxe4 Nf4 39. Nxf4 Bxf4
40. Bg3 Bxg3 41. hxg3 Ke5 42. Ke2 Kxe4 43. Rh4+ Kd5 44. Kd3 c5 45. Rh5+ Kc6 46.
Kc4 Kd6 47. Rxc5 d3 48. Rd5+ Kc6 49. Rxd3 g6 50. b4 a6 51. a4 g5 52. g4 Kb6 53.
Rd6+ Kb7 54. Kc5 Ka7 55. b5 a5 56. Rb6 Ka8 57. Kc6 Ka7 58. Kc7 Ka8 59. Ra6#
{Black checkmated} 1-0

[Event "Team 45 45 League T53"]
[Site "Internet Chess Club"]
[Date "2012.06.13"]
[Round "4"]
[White "clarinetref"]
[Black "RD1974"]
[Result "1-0"]
[WhiteElo "1639"]
[BlackElo "1636"]
[Opening "Scandinavian: Pytel-Wade variation"]
[ECO "B01"]
[Time "19:15:19"]
[TimeControl "2700+45"]

1. e4 d5 2. exd5 Qxd5 3. Nc3 Qd6 4. d4 Nf6 5. Nf3 a6 6. Ne5 Nc6 7. Nxc6 Qxc6 8.
d5 Qd6 9. Be2 Bf5 10. O-O e6 11. Bf3 O-O-O 12. Bg5 h6 13. Bxf6 gxf6 14. Be4 Bxe4
15. Nxe4 Qf4 16. Nc3 Bd6 17. g3 Rdg8 18. Qe2 e5 19. Kh1 Qf5 20. Qe4 Qd7 21. Qa4
f5 22. Qxd7+ Kxd7 23. Ne2 Rg4 24. f4 exf4 25. Nxf4 Bxf4 26. Rxf4 Rxf4 27. gxf4
Re8 28. Rg1 Re2 29. Rg2 Re1+ 30. Rg1 Rxg1+ 31. Kxg1 Kd6 32. c4 Kc5 33. b3 Kb4
34. Kf2 Ka3 35. Ke3 Kxa2 36. b4 Kb3 37. c5 Kxb4 38. d6 cxd6 39. cxd6 a5 40. d7
a4 41. d8=Q b5 42. Qe7+ Kb3 43. Qxf7+ Kb2 44. Qf6+ Kb3 45. Qe6+ Kc3 46. Qc6+ Kb4
47. Qd6+ Kb3 48. Qd3+ Kb4 49. Qxf5 a3 50. Qb1+ Ka4 51. Qc2+ Kb4 52. Kd3 h5 53.
f5 h4 54. f6 h3 55. f7 Ka5 56. f8=Q {Black resigns} 1-0

[Event "Team 45 45 League T53"]
[Site "Internet Chess Club"]
[Date "2012.06.08"]
[Round "4"]
[White "chesskix"]
[Black "ElMarginal"]
[Result "0-1"]
[WhiteElo "1479"]
[BlackElo "1521"]
[Opening "English: symmetrical, four knights system"]
[ECO "A34"]
[Time "19:01:02"]
[TimeControl "2700+45"]

1. c4 c5 2. Nc3 Nf6 3. Nf3 Nc6 4. g3 e6 5. Bg2 Be7 6. O-O O-O 7. d3 b6 8. Bf4
Bb7 9. a3 Nh5 10. Be3 Nf6 11. Bf4 a6 12. e4 d5 13. e5 Ne8 14. b3 Nc7 15. Re1 f5
16. Qd2 d4 17. Ne2 h6 18. h4 Kh7 19. Kh2 Rg8 20. Rh1 g5 21. hxg5 hxg5 22. Nxg5+
Bxg5 23. Bxg5 Qxg5 24. Kg1+ Kg6 25. Nf4+ Kf7 26. Qe2 Rh8 27. Nh5 Ne8 28. Bf3 Ng7
29. Rh2 Nxh5 30. Bxh5+ Ke7 31. Bf3 Rxh2 32. Kxh2 Rh8+ 33. Kg2 Qh6 34. Kf1 Nd8
35. Ke1 Bxf3 36. Qxf3 Qh1+ 37. Ke2 Qxa1 38. Qa8 Qb2+ 39. Kf3 Qxb3 40. Qa7+ Ke8
41. Qg7 Qxd3+ 42. Kf4 Qe4+ 43. Kg5 Nf7+ {White resigns} 0-1

[Event "Team 45 45 League T53"]
[Site "Internet Chess Club"]
[Date "2012.06.09"]
[Round "4"]
[White "PostMike"]
[Black "monkhammer"]
[Result "1-0"]
[WhiteElo "1471"]
[BlackElo "1418"]
[Opening "two knights defense: Fritz variation"]
[ECO "C57"]
[Time "14:00:33"]
[TimeControl "2700+45"]

1. e4 e5 2. Nf3 Nc6 3. Bc4 Nf6 4. Ng5 d5 5. exd5 Nd4 6. c3 b5 7. Bf1 Nxd5 8.
Nxf7 Kxf7 9. cxd4 exd4 10. Bxb5 Nf6 11. O-O Bb7 12. Bc4+ Bd5 13. Bxd5+ Qxd5 14.
d3 Rb8 15. b3 Bd6 16. Nd2 Rhe8 17. Nf3 Kg8 18. Bb2 c5 19. Qc2 a5 20. Rfe1 Qh5
21. h3 g5 22. Nh2 Rf8 23. Qe2 Bxh2+ 24. Kxh2 g4 25. Qe6+ Kh8 26. Re5 Qh6 27. Bc1
Qh4 28. Bg5 Qxf2 29. Bxf6+ Rxf6 30. Qxg4 Rg8 31. Rg5 Rxg5 32. Qxg5 Rg6 33. Qd8+
Rg8 34. Qd5 Qg3+ 35. Kh1 Qxd3 36. Qe5+ Rg7 37. Qxc5 Qe2 38. Qf8+ Rg8 39. Qf6+
Rg7 40. Qf1 Qe4 41. Re1 Qd5 42. Re8+ Rg8 43. Qf6# {Black checkmated} 1-0

[Event "Team 45 45 League T53"]
[Site "Internet Chess Club"]
[Date "2012.06.10"]
[Round "4"]
[White "BotanicalKnight"]
[Black "krysto"]
[Result "0-1"]
[WhiteElo "1492"]
[BlackElo "1594"]
[Opening "French defense"]
[ECO "C00"]
[Time "21:01:37"]
[TimeControl "2700+45"]

1. e4 e6 2. g3 d5 3. e5 c5 4. Bg2 Nc6 5. f4 Bd7 6. Nf3 Nge7 7. d3 b5 8. Nc3 Qb6
9. O-O Nf5 10. Kh1 Be7 11. Bd2 a5 12. Qe1 Ncd4 13. Rc1 Bc6 14. Ne2 Nxe2 15. Qxe2
h5 16. Be1 Kd7 17. Bh3 g6 18. Bxf5 gxf5 19. c3 d4 20. cxd4 cxd4 21. Kg1 Rag8 22.
Qf2 h4 23. Qg2 hxg3 24. Bxg3 Rg7 25. Kf2 Rhg8 26. Qh3 Bd5 27. a3 Qb8 28. Rg1 Qa8
29. Nxd4 Qa7 30. Ke3 Bc5 31. Rxc5 Qxc5 32. Qf1 {White resigns} 0-1